 Dungeon Crawl Stone Soup version 0.21-a0-538-gd16b88a (webtiles) character file.

898 tidbits the Digger (level 8, -16/57 HPs)
             Began as a Gnoll Earth Elementalist on Dec 15, 2017.
             Demolished by an orc warrior
             ... wielding a cursed -3 dire flail
              (18 damage)
             ... on level 6 of the Dungeon.
             The game lasted 00:14:38 (1690 turns).

tidbits the Digger (Gnoll Earth Elementalist)       Turns: 1690, Time: 00:14:39

Health: -16/57     AC:  4    Str: 11    XL:     8   Next: 7%
Magic:  5/16       EV: 15    Int: 19    God:
Gold:   210        SH:  0    Dex: 16    Spells: 12/18 levels left

rFire    . . .     SeeInvis .   b - +0 falchion (flame)
rCold    . . .     Gourm    .   (no shield)
rNeg     + . .     Faith    .   c - +0 robe
rPois    +         Spirit   .   E - +2 hat
rElec    .         Reflect  .   (no cloak)
rCorr    .         Harm     .   (no gloves)
MR       .....                  (no boots)
Stlth    +++.......             (no amulet)
HPRegen  0.19/turn              x - ring of positive energy
MPRegen  0.15/turn              (no ring)

@: drained
A: distributed training, fangs 1, talons 1, poison resistance, strong nose
a: no special abilities


You were on level 6 of the Dungeon.
You were not hungry.

You visited 1 branch of the dungeon, and saw 7 of its levels.

You collected 210 gold pieces.

Inventory:

Hand Weapons
 a - a +0 dagger of speed
   (You took it off an orc on level 3 of the Dungeon)
 b - a +0 falchion of flaming (weapon)
   (You took it off a wight on level 6 of the Dungeon)
 f - a +0 dagger
 r - a +0 short sword
Missiles
 o - 23 sling bullets
 q - 17 arrows
Armour
 c - a +0 robe (worn)
 y - a +0 helmet
 E - a +2 hat (worn)
Jewellery
 s - an uncursed ring of teleportation
   (You found it on level 3 of the Dungeon)
 x - a ring of positive energy (left hand)
   (You found it on level 5 of the Dungeon)
Wands
 p - a wand of disintegration (13)
Scrolls
 h - 2 scrolls of remove curse
 i - 3 scrolls of identify
 l - 4 scrolls of fear
 m - a scroll of teleportation
 t - a scroll of fog
 u - a scroll of amnesia
Potions
 g - a potion of haste
 j - 2 potions of ambrosia
 v - a potion of brilliance
 w - 2 potions of agility
 z - a potion of heal wounds
Books
 e - a book of Geomancy

   Spells                             Type                      Level
   a - Sandblast                      Earth                        1
   b - Passwall                       Transmutation/Earth          2
   c - Stone Arrow                    Conjuration/Earth            3
   d - Petrify                        Transmutation/Earth          4
   e - Lee's Rapid Deconstruction     Earth                        5
Comestibles
 d - 5 bread rations
 k - 2 royal jellies
 n - 2 meat rations


   Skills:
 + Level 2.8(2.5) Fighting
 + Level 2.8(2.5) Short Blades
 + Level 2.8(2.5) Long Blades
 + Level 2.8(2.5) Axes
 + Level 2.8(2.5) Maces & Flails
 + Level 2.8(2.5) Polearms
 + Level 2.8(2.5) Staves
 + Level 2.8(2.5) Slings
 + Level 2.8(2.5) Bows
 + Level 2.8(2.5) Crossbows
 + Level 2.8(2.5) Throwing
 + Level 2.8(2.5) Armour
 + Level 5.4(5.0) Dodging
 + Level 5.1(4.7) Stealth
 + Level 2.8(2.5) Shields
 + Level 2.8(2.5) Unarmed Combat
 + Level 5.8(5.4) Spellcasting
 + Level 2.3(1.9) Conjurations
 + Level 2.3(1.9) Hexes
 + Level 2.3(1.9) Charms
 + Level 2.3(1.9) Summonings
 + Level 2.3(1.9) Necromancy
 + Level 2.3(1.9) Translocations
 + Level 3.2(2.8) Transmutations
 + Level 2.3(1.9) Fire Magic
 + Level 2.3(1.9) Ice Magic
 + Level 2.3(1.9) Air Magic
 + Level 6.0(5.6) Earth Magic
 + Level 2.3(1.9) Poison Magic
 + Level 3.1(2.8) Invocations
 + Level 2.8(2.5) Evocations


You had 12 spell levels left.
You knew the following spells:

 Your Spells              Type           Power        Failure   Level  Hunger
a - Sandblast             Erth           ####..       1%          1    None
t - Stone Arrow           Conj/Erth      ###...       8%          3    ##.....
w - Passwall              Tmut/Erth      ###.......   3%          2    None


Dungeon Overview and Level Annotations

Branches:
Dungeon (7/15)
 Temple: D:4-7

Altars:
Kikubaaqudgha
Uskayaw


Innate Abilities, Weirdness & Mutations

Your experience applies equally to all skills.
You have very sharp teeth.
Your uncanny sense of smell can sniff out nearby items.
You have sharp toenails.
Your system is resistant to poisons. (rPois)


Message History

Casting: Stone Arrow
Confirm with . or Enter, or press ? or * to list all spells.
Aiming: Stone Arrow
Press: ? - help, Shift-Dir - straight line, f/p - wight
Aim: a wight, wielding a falchion of flaming and wearing a robe (heavily damaged)
The stone arrow hits the wight.
You destroy the wight!
Your life force feels restored.
Your Earth Magic skill increases to level 6!
The quokka closely misses you. x2
The quokka bites you.
Things that are here:
a falchion of flaming; a robe; a scroll of identify
b - a falchion of flaming;
i - 3 scrolls of identify (gained 1)
The quokka bites you but does no damage.
Wield which item (- for none, * to show all)? (? for menu, Esc to quit)
Your +0 falchion of flaming bursts into flame!
b - a +0 falchion of flaming (weapon)
The quokka barely misses you.
You riposte.
You closely miss the quokka. Your kick misses the quokka.
Your bite misses the quokka. You hit the quokka but do no damage.
The quokka misses you.
You riposte.
You miss the quokka. Your kick misses the quokka. You hit the quokka.
You burn the quokka. Your kick misses the quokka.
The quokka is heavily wounded.
The quokka closely misses you.
You riposte.
You completely miss the quokka.
The quokka is moderately wounded.
You hit the quokka. You burn the quokka.
You kill the quokka!
You closely miss the crimson imp. Your kick misses the crimson imp.
Your bite misses the crimson imp.
The crimson imp blinks!
An orc comes into view. It is wielding a dagger.
The crimson imp laughs crazily.
The crimson imp blinks!
An orc warrior and an orc wizard come into view.
The orc wizard is wielding a dagger of venom.
The orc shouts!
The orc warrior shouts!
You hear a shout! x2
An orc and an orc wizard come into view.
You hear a shout!
You hear a chilling moan.
Found a hide-covered altar of Uskayaw.
A worker ant and an orc come into view.
An adder zombie comes into view.
The adder zombie moves out of view.
Found an ancient bone altar of Kikubaaqudgha.
You see here 10 gold pieces.
You now have 210 gold pieces (gained 10).
The worker ant twitches its antennae in your direction.
The orc warrior closely misses you.
An orc and a quasit come into view.
You miss the crimson imp. Your kick misses the crimson imp.
The crimson imp hits you.
The orc wizard shouts!
You hit the crimson imp. Your kick misses the crimson imp.
The crimson imp is moderately wounded.
You hear a shout! x2
The crimson imp summons a swarm of flies.
The crimson imp misses you.
The orc warrior hits you with a dire flail!
The worker ant bites you.
The orc wizard begins to cast a cantrip, but forgets the words!
An orc comes into view. It is wielding a short sword.
You closely miss the crimson imp. Your kick misses the crimson imp.
The crimson imp is moderately wounded.
The crimson imp closely misses you.
You riposte.
You barely miss the crimson imp. Your kick misses the crimson imp.
The crimson imp is moderately wounded.
The worker ant barely misses you.
You riposte.
You hit the worker ant but do no damage.
The orc moves out of view.
The orc warrior misses you.
The crimson imp blinks!
The orc warrior hits you with a dire flail.
* * * LOW HITPOINT WARNING * * *
The worker ant bites you but does no damage.
An adder and a wight come into view.
The wight moves out of view.
The crimson imp closely misses you.
You riposte.
You hit the crimson imp. Your kick misses the crimson imp.
Your punch misses the crimson imp.
The crimson imp is moderately wounded. 2 wights come into view.
The wight hits you from afar with an enchanted spear!
* * * LOW HITPOINT WARNING * * *
A crimson imp comes into view.
The wight hits you with an enchanted spear.
* * * LOW HITPOINT WARNING * * *
The wight hits you with an enchanted spear.
* * * LOW HITPOINT WARNING * * *
You partially resist.
You feel drained.
The wight hits you from afar with an enchanted spear.
* * * LOW HITPOINT WARNING * * *
You partially resist.
You feel drained.
You hit the wight. You burn the wight.
The wight is moderately damaged.
The adder bites you.
* * * LOW HITPOINT WARNING * * *
The wight closely misses you.
You riposte.
You barely miss the wight. Your kick misses the wight.
Your bite misses the wight.
The wight is moderately damaged.
The wight hits you from afar with an enchanted spear.
* * * LOW HITPOINT WARNING * * *
You partially resist.
You feel drained.
The orc warrior hits you with a dire flail!!
You die...

.Z.o..... .
._..._.#
########.
###.......
#.......#
..##.....#
#...5...#
#.##.o...##
#..z....# #.#
.oZ...# #.......#
#.# #o5...#
#....z..# #.###o#
#.....@.# #.##..#
#....S.o###.##.##
#......zao.5...#
#.......####5..##
#.......#
#.[..####
####.####
#......... . #.
##.##..#### .
##.#####..# #..#
...#..## #..#


You could see an orc warrior, a worker ant, 3 wights, an orc wizard, a crimson
imp (sleeping) and an adder.

Vanquished Creatures
  A sky beast (D:5)
  2 centaurs
  2 scorpions
  A killer bee (D:6)
  3 wights
  2 orc wizards (D:3)
  Jessica (D:3)
  2 worker ants
  A hound zombie (D:3)
  9 gnolls
  8 adders
  An adder zombie (D:5)
  A worm (D:5)
  3 dart slugs
  6 leopard geckos
  8 orcs
  3 ball pythons
  A giant cockroach (D:2)
  4 goblins
  2 hobgoblins (D:2)
  8 jackals
  6 kobolds
  2 quokkas
  2 bats (D:3)
  A frilled lizard (D:3)
  A quokka skeleton (D:4)
  6 rats
87 creatures vanquished.

Notes
Turn   | Place    | Note
-------+----------+-------------------------------------------
     0 | D:1      | tidbits the Gnoll Earth Elementalist began the quest for the Orb.
     0 | D:1      | Reached XP level 1. HP: 13/13 MP: 6/6
    31 | D:1      | Reached skill level 2 in Transmutations
    73 | D:2      | Reached XP level 2. HP: 19/19 MP: 5/7
    88 | D:3      | Noticed Jessica
   115 | D:2      | Learned a level 2 spell: Passwall
   128 | D:2      | Reached skill level 5 in Spellcasting
   128 | D:2      | Reached XP level 3. HP: 13/25 MP: 0/9
   331 | D:3      | Killed Jessica
   331 | D:3      | Reached skill level 1 in Fighting
   331 | D:3      | Reached skill level 1 in Short Blades
   331 | D:3      | Reached skill level 1 in Long Blades
   331 | D:3      | Reached skill level 1 in Axes
   331 | D:3      | Reached skill level 1 in Maces & Flails
   331 | D:3      | Reached skill level 1 in Polearms
   331 | D:3      | Reached skill level 1 in Staves
   331 | D:3      | Reached skill level 1 in Slings
   331 | D:3      | Reached skill level 1 in Bows
   331 | D:3      | Reached skill level 1 in Crossbows
   331 | D:3      | Reached skill level 1 in Throwing
   331 | D:3      | Reached skill level 1 in Armour
   331 | D:3      | Reached skill level 1 in Shields
   331 | D:3      | Reached skill level 1 in Unarmed Combat
   331 | D:3      | Reached skill level 1 in Invocations
   331 | D:3      | Reached skill level 1 in Evocations
   331 | D:3      | Reached XP level 4. HP: 32/32 MP: 7/11
   411 | D:2      | Reached skill level 1 in Conjurations
   411 | D:2      | Reached skill level 1 in Hexes
   411 | D:2      | Reached skill level 1 in Charms
   411 | D:2      | Reached skill level 1 in Summonings
   411 | D:2      | Reached skill level 1 in Necromancy
   411 | D:2      | Reached skill level 1 in Translocations
   411 | D:2      | Reached skill level 1 in Fire Magic
   411 | D:2      | Reached skill level 1 in Ice Magic
   411 | D:2      | Reached skill level 1 in Air Magic
   411 | D:2      | Reached skill level 1 in Poison Magic
   506 | D:3      | Noticed a centaur
   515 | D:3      | Killed a centaur
   515 | D:3      | Reached XP level 5. HP: 9/37 MP: 5/12
   646 | D:3      | Reached XP level 6. HP: 21/44 MP: 7/13
   684 | D:3      | Reached skill level 2 in Invocations
   692 | D:3      | HP: 4/44 [hound zombie (4)]
   693 | D:3      | HP: 1/44 [hound zombie (3)]
   698 | D:3      | HP: 3/44 [poisoned by an adder]
   707 | D:3      | Gained mutation: Scrolls take you a little longer to read. [potion of mutation]
   707 | D:3      | Gained mutation: Your mind is acute. (Int +2) [potion of mutation]
   707 | D:3      | HP: 2/44 [poisoned by an adder]
   715 | D:3      | HP: 2/44 [poisoned by an adder]
   767 | D:3      | Reached skill level 2 in Fighting
   767 | D:3      | Reached skill level 2 in Short Blades
   767 | D:3      | Reached skill level 2 in Long Blades
   767 | D:3      | Reached skill level 2 in Axes
   767 | D:3      | Reached skill level 2 in Maces & Flails
   767 | D:3      | Reached skill level 2 in Polearms
   767 | D:3      | Reached skill level 2 in Staves
   767 | D:3      | Reached skill level 2 in Slings
   767 | D:3      | Reached skill level 2 in Bows
   767 | D:3      | Reached skill level 2 in Crossbows
   767 | D:3      | Reached skill level 2 in Throwing
   767 | D:3      | Reached skill level 2 in Armour
   767 | D:3      | Reached skill level 5 in Dodging
   767 | D:3      | Reached skill level 2 in Shields
   767 | D:3      | Reached skill level 2 in Unarmed Combat
   767 | D:3      | Reached skill level 2 in Evocations
  1051 | D:4      | You fall through a shaft!
  1051 | D:5      | Entered Level 5 of the Dungeon
  1132 | D:5      | Reached XP level 7. HP: 50/50 MP: 12/15
  1146 | D:5      | Reached skill level 2 in Conjurations
  1146 | D:5      | Reached skill level 2 in Hexes
  1146 | D:5      | Reached skill level 2 in Charms
  1146 | D:5      | Reached skill level 2 in Summonings
  1146 | D:5      | Reached skill level 2 in Necromancy
  1146 | D:5      | Reached skill level 2 in Translocations
  1146 | D:5      | Reached skill level 3 in Transmutations
  1146 | D:5      | Reached skill level 2 in Fire Magic
  1146 | D:5      | Reached skill level 2 in Ice Magic
  1146 | D:5      | Reached skill level 2 in Air Magic
  1146 | D:5      | Reached skill level 2 in Poison Magic
  1296 | D:6      | Reached skill level 5 in Stealth
  1374 | D:5      | Reached skill level 3 in Invocations
  1402 | D:5      | Lost mutation: Scrolls take you a little longer to read. [potion of mutation]
  1402 | D:5      | Lost mutation: Your mind is acute. (Int +2) [potion of mutation]
  1402 | D:5      | Gained mutation: Your system is resistant to poisons. (rPois) [potion of mutation]
  1402 | D:5      | Gained mutation: You have sharp toenails. [potion of mutation]
  1522 | D:5      | Reached XP level 8. HP: 44/57 MP: 9/16
  1529 | D:5      | Learned a level 3 spell: Stone Arrow
  1663 | D:6      | Reached skill level 6 in Earth Magic
  1674 | D:6      | Found a hide-covered altar of Uskayaw.
  1675 | D:6      | Found an ancient bone altar of Kikubaaqudgha.
  1690 | D:6      | HP: 4/57 [adder (3)]
  1690 | D:6      | Demolished by an orc warrior

Vault maps used:
D:1:      lordsloth_arrival_two_stooges
D:3:      serial_glass, glass_columns_a, glass_columns_c, glass_columns_a,
          glass_columns_a, glass_columns_a, st_stairs_1, uniq_jessica
D:4:      minmay_temple_entry_enclosed_plants
D:5:      first_bread
D:6:      grunt_temple_overflow_open, glass_columns_c
D:7:      nicolae_gozag_seed_capital, basic_altar

Skill      XL: |  1  2  3  4  5  6  7  8 |
---------------+-------------------------+-----
Transmutations | 2 3 |  3.2
Spellcasting   | 5 |  5.8
Fighting       | 1 2 |  2.8
Short Blades   | 1 2 |  2.8
Long Blades    | 1 2 |  2.8
Axes           | 1 2 |  2.8
Maces & Flails | 1 2 |  2.8
Polearms       | 1 2 |  2.8
Staves         | 1 2 |  2.8
Slings         | 1 2 |  2.8
Bows           | 1 2 |  2.8
Crossbows      | 1 2 |  2.8
Throwing       | 1 2 |  2.8
Armour         | 1 2 |  2.8
Shields        | 1 2 |  2.8
Unarmed Combat | 1 2 |  2.8
Invocations    | 1 2 3 |  3.1
Evocations     | 1 2 |  2.8
Conjurations   | 1 2 |  2.3
Hexes          | 1 2 |  2.3
Charms         | 1 2 |  2.3
Summonings     | 1 2 |  2.3
Necromancy     | 1 2 |  2.3
Translocations | 1 2 |  2.3
Fire Magic     | 1 2 |  2.3
Ice Magic      | 1 2 |  2.3
Air Magic      | 1 2 |  2.3
Poison Magic   | 1 2 |  2.3
Dodging        | 5 |  5.4
Stealth        | 5 |  5.1
Earth Magic    | 6 |  6.0

Action                   |  1- 3 |  4- 6 |  7- 9 || total
-------------------------+-------+-------+-------++-------
Melee: Dagger            |     3 |     9 |    32 ||    44
       Bite              |       |     2 |     3 ||     5
       Kick              |       |       |     2 ||     2
       Falchion          |       |       |     8 ||     8
 Cast: Sandblast         |    21 |    70 |    47 ||   138
       Passwall          |     1 |     8 |     3 ||    12
       Stone Arrow       |       |       |     6 ||     6
  Use: Potion            |       |     6 |     2 ||     8
       Scroll            |       |     5 |     3 ||     8
 Stab: Sleeping          |     1 |     1 |       ||     2
  Eat: Fruit             |       |     3 |       ||     3
Armor: Robe              |     1 |     8 |    10 ||    19
Dodge: Dodged            |    10 |    48 |    51 ||   109
       Rpst.: Falchion   |       |       |     7 ||     7

Table legend:
 A = Spawn XP
 B = Non-spawn XP
 C = Spawn XP percentage of total XP
 D = Spawn monster count
 E = Non-spawn monster count
 F = Spawn count percentage of total count
 G = Total turns spent on level
                    A         B        C        D         E        F      G
               +---------+---------+-------+---------+---------+-------+---------
         Total |       0 |    1283 |   0.0 |       0 |      87 |   0.0 |  1690
               +---------+---------+-------+---------+---------+-------+---------
           D:1 |       0 |       7 |   0.0 |       0 |       3 |   0.0 |   101
           D:2 |       0 |      75 |   0.0 |       0 |      17 |   0.0 |   423
           D:3 |       0 |     410 |   0.0 |       0 |      28 |   0.0 |   288
           D:4 |       0 |      60 |   0.0 |       0 |      12 |   0.0 |   261
           D:5 |       0 |     483 |   0.0 |       0 |      18 |   0.0 |   384
           D:6 |       0 |     248 |   0.0 |       0 |       9 |   0.0 |   228
               +---------+---------+-------+---------+---------+-------+---------

Table legend:
 A = Turns spent in this place as a percentage of turns spent in the entire game.
 B = Non-inter-level travel turns spent in this place as a percentage of non-inter-level travel turns spent in the entire game.
 C = Inter-level travel turns spent in this place as a percentage of turns spent in this place.
 D = Turns resting spent in this place as a percentage of non-inter-level travel turns spent in this place.
 E = Turns spent auto-exploring this place as a percentage of non-inter-level travel turns spent in this place.
 F = Non-inter-level travel turns spent in this place divided by the number of levels of this place that you've seen.
                   A       B       C       D       E      F
               +-------+-------+-------+-------+-------+----------------------
         Total | 100.0 | 100.0 |   3.2 |   0.0 |   0.0 | 233.7
       Dungeon | 100.0 | 100.0 |   3.2 |   0.0 |   0.0 | 233.7
               +-------+-------+-------+-------+-------+----------------------

Table legend:
 A = Kills in this place as a percentage of kills in entire the game.
 B = Kills by you in this place as a percentage of kills by you in the entire game.
 C = Kills by friends in this place as a percentage of kills by friends in the entire game.
 D = Other kills in this place as a percentage of other kills in the entire game.
 E = Experience gained in this place as a percentage of experience gained in the entire game.
 F = Experience gained in this place divided by the number of levels of this place that you have seen.
                   A       B       C       D       E      F
               +-------+-------+-------+-------+-------+----------------------
         Total | 100.0 | 100.0 |   N/A |   N/A | 100.0 | 183.3
       Dungeon | 100.0 | 100.0 |   N/A |   N/A | 100.0 | 183.3
               +-------+-------+-------+-------+-------+----------------------

Vault maps used:
D:1:      lordsloth_arrival_two_stooges
D:3:      serial_glass, glass_columns_a, glass_columns_c, glass_columns_a,
          glass_columns_a, glass_columns_a, st_stairs_1, uniq_jessica
D:4:      minmay_temple_entry_enclosed_plants
D:5:      first_bread
D:6:      grunt_temple_overflow_open, glass_columns_c
D:7:      nicolae_gozag_seed_capital, basic_altar
